Map: Cerulean Fall LE

Players

Clem

  • Race: Terran Terran
  • Spawn Location: 7:00

Has - Winner!

  • Race: Protoss Protoss
  • Spawn Location: 1:00

Event: WCS Montreal 2018

VOD

Have the link to the VOD?

Description

Time

  • Played on: Sept. 7, 2018, 6:39 p.m.
  • Length: 13:49

All games in this series

Show
View Real Time Build Order
Export as new Build Order

Clem Terran 

Build Orders: Cyclone Opening, Reaper Expand 

Get SALT Encoding   

  12  0:01  SCV  
  13  0:13  SCV  
  14  0:17  Supply Depot  
  14  0:25  SCV  
  15  0:39  SCV  
  15  0:41  Barracks  
  16  0:44  Refinery  
  16  0:51  SCV  
  17  1:03  SCV  
  18  1:15  SCV  
  19  1:28  Reaper, Orbital Command  
  20  1:35  Supply Depot  
  20  1:55  Command Center  
  20  1:57  SCV  
  20  2:02  Marine  
  21  2:11  Factory  
  21  2:14  SCV  
  22  2:22  Bunker  
  22  2:23  Marine  
  22  2:28  SCV  
  23  2:40  SCV  
  23  2:42  Marine  
  25  2:53  SCV  
  25  2:55  Cyclone  
  29  3:04  Marine  
  29  3:05  SCV  
  29  3:17  SCV  
  29  3:18  SCV  
  29  3:22  Marine  
  28  3:29  SCV  
  27  3:36  Factory Tech Lab  
  27  3:40  Engineering Bay, Orbital Command  
  26  3:41  SCV  
  26  3:42  Marine  
  27  3:51  Barracks  
  27  3:57  Siege Tank  
  27  4:00  Marine  
  27  4:02  SCV  
  32  4:06  SCV  
  33  4:14  SCV, Orbital Command  
  34  4:17  Marine  
  34  4:19  Bunker  
  35  4:27  Engineering Bay, SCV  
  35  4:29  Siege Tank  
  39  4:35  Marine  
  39  4:38  Marine  
  40  4:39  SCV  
  40  4:40  SCV  
  43  4:51  SCV  
  44  4:53  Marine  
  44  4:54  SCV  
  44  4:58  Missile Turret, Supply Depot  
  46  5:01  Marine  
  46  5:03  SCV  
  46  5:06  Starport, Refinery  
  48  5:11  SCV, Marine  
  49  5:17  SCV, Missile Turret  
  49  5:19  Marine  
  51  5:26  SCV  
  52  5:29  Marine  
  52  5:34  SCV  
  53  5:37  Marine  
  53  5:38  Missile Turret  
  52  5:44  SCV  
  51  5:52  Missile Turret  
  51  5:57  Barracks Reactor  
  51  5:58  Viking  
  51  5:59  SCV  
  51  6:00  SCV  
  54  6:06  Supply Depot  
  52  6:12  SCV x2  
  54  6:22  Barracks Reactor  
  54  6:24  SCV x2  
  54  6:25  Supply Depot  
  55  6:26  Terran Infantry Weapons Level 1  
  55  6:33  Marine x2  
  55  6:36  SCV x2  
  55  6:39  Refinery  
  59  6:46  Supply Depot  
  61  6:48  SCV x2  
  61  6:51  Barracks, Marine x2  
  63  6:59  Refinery  
  63  7:00  SCV x2  
  65  7:05  Supply Depot  
  64  7:12  SCV x2  
  64  7:14  Marine x2  
  67  7:15  Stimpack  
  67  7:16  Widow Mine x2  
  67  7:17  Marine  
  72  7:24  SCV x2  
  72  7:29  Supply Depot  
  74  7:32  Marine x2  
  74  7:36  Marauder, SCV x2  
  80  7:38  Barracks Tech Lab  
  80  7:39  Widow Mine x2  
  83  7:48  SCV  
  83  7:50  Marine  
  84  7:54  SCV  
  84  7:55  Command Center  
  84  7:58  Supply Depot  
  85  8:00  SCV, Combat Shields  
  85  8:05  Marauder  
  88  8:09  SCV  
  89  8:13  SCV  
  89  8:14  Widow Mine x2, Supply Depot  
  89  8:17  Marine x2  
  95  8:21  Marauder  
  95  8:26  Supply Depot  
  97  8:28  Medivac  
  97  8:30  SCV  
  97  8:32  SCV  
  100  8:36  Marauder  
  94  8:41  Widow Mine x2, Marine  
  94  8:42  SCV  
  94  8:43  Marine  
  94  8:44  SCV  
  94  8:52  Supply Depot  
  94  8:53  Marauder  
  96  8:57  Marauder  
  96  8:59  Marine  
  96  9:01  Marine  
  104  9:02  Widow Mine  
  104  9:04  Widow Mine  
  104  9:05  Starport Reactor  
  104  9:13  Terran Infantry Armor Level 1  
  104  9:14  Barracks  
  104  9:15  Marauder, Barracks  
  104  9:16  Supply Depot  
  106  9:19  Orbital Command  
  106  9:21  SCV x2  
  106  9:26  Widow Mine x2, Marine  
  105  9:31  Marauder, Marine  
  105  9:33  SCV  
  107  9:44  Marine  
  108  9:48  Marauder  
  108  9:49  Marine  
  104  9:53  Marauder  
  104  9:54  Medivac x2  
  104  9:55  Widow Mine x2  
  104  9:58  Orbital Command  
  112  10:02  Marine  
  112  10:05  Barracks Tech Lab  
  113  10:07  Marine  
  113  10:10  Marauder  
  113  10:11  Engineering Bay, Armory  
  113  10:12  Barracks Reactor  
  116  10:15  SCV  
  116  10:17  Widow Mine  
  116  10:19  SCV  
  116  10:20  Marine  
  120  10:26  Widow Mine  
  120  10:27  Marauder, SCV, Marine  
  112  10:31  Medivac, SCV  
  112  10:33  Marine  
  96  10:36  Marine  
  96  10:38  Widow Mine  
  92  10:43  Orbital Command  
  92  10:47  Marine x2  
  92  10:48  Marauder  
  92  10:49  SCV, Marine  
  91  10:56  Widow Mine  
  83  10:57  Marauder  
  83  11:02  Widow Mine  
  72  11:04  SCV x2, Marine  
  72  11:09  Medivac  
  76  11:11  Medivac  
  76  11:14  Marauder  
  76  11:20  Marine x3  
  76  11:27  Marine  
  76  11:28  Marauder x2  
  76  11:30  Orbital Command  
  81  11:35  Marine  
  81  11:39  Marine x3  
  85  11:45  Medivac, Marine  
  74  11:49  Marauder, Widow Mine  
  74  11:52  Marauder  
  65  11:59  Concussive Shells  
  65  12:04  Marine x2  
  65  12:05  Marine x2  
  65  12:07  Medivac  
  66  12:14  Marauder, Marine x2  
  69  12:16  Widow Mine  
  69  12:20  SCV  
  71  12:31  Medivac  
  71  12:34  Marine  
  71  12:35  Marauder  
  71  12:36  Marine x2  
  77  12:45  SCV  
  77  12:46  SCV  
  79  12:57  SCV  
  78  12:58  Medivac  
  78  13:00  Widow Mine  
  78  13:01  Marine  
  78  13:03  Widow Mine  
  76  13:08  Marine  
  69  13:21  Widow Mine  
  69  13:22  Marine x2  
Show
View Real Time Build Order
Export as new Build Order

Has Protoss - Winner!

Build Orders: Oracle Opening 

Get SALT Encoding   

  12  0:00  Probe  
  13  0:13  Probe  
  14  0:17  Pylon  
  14  0:25  Probe  
  15  0:35  Gateway  
  15  0:38  Probe  
  16  0:49  Pylon  
  16  0:50  Probe  
  17  1:02  Probe  
  17  1:04  Assimilator  
  18  1:09  Gateway  
  18  1:14  Probe  
  19  1:22  Cybernetics Core  
  19  1:28  Assimilator  
  19  1:33  Zealot  
  19  1:37  Probe  
  22  1:43  Assimilator  
  22  1:48  Stalker  
  22  1:49  Probe  
  23  1:57  Stalker  
  26  2:11  Stalker  
  27  2:15  Pylon  
  27  2:16  Warp Gate  
  28  2:29  Probe  
  29  2:41  Probe  
  29  2:43  Stalker  
  28  3:10  Probe  
  28  3:12  Stargate  
  29  3:22  Probe  
  28  3:34  Probe  
  27  3:43  Stalker  
  27  3:47  Probe  
  30  3:51  Oracle  
  30  3:53  Pylon  
  30  3:56  Nexus  
  33  4:20  Gateway  
  33  4:22  Stalker x2  
  37  4:28  Oracle  
  40  4:34  Probe  
  41  4:44  Pylon  
  41  4:48  Probe  
  42  5:00  Probe  
  42  5:04  Oracle  
  46  5:09  Adept x2  
  46  5:13  Probe  
  51  5:25  Probe  
  52  5:29  Oracle  
  52  5:30  Probe  
  51  5:37  Probe  
  53  5:43  Probe  
  53  5:49  Probe  
  55  5:51  Twilight Council  
  55  5:54  Pylon  
  55  5:56  Blink  
  55  5:58  Probe  
  55  6:01  Probe  
  57  6:10  Probe  
  58  6:13  Probe  
  56  6:25  Gateway, Probe  
  58  6:27  Pylon  
  58  6:28  Gateway  
  58  6:31  Gateway  
  57  6:37  Sentry  
  59  6:44  Probe x2  
  61  6:54  Assimilator  
  61  7:02  Nexus  
  61  7:03  Pylon  
  61  7:18  Stalker  
  61  7:19  Stalker x2  
  61  7:22  Probe x2  
  69  7:31  Stalker, Sentry  
  69  7:32  Pylon, Charge  
  69  7:33  Zealot  
  69  7:35  Pylon, Probe  
  76  7:37  Pylon  
  76  7:38  Probe  
  77  7:47  Probe  
  78  7:53  Probe  
  78  7:57  Zealot x5  
  89  8:00  Stalker  
  91  8:11  Probe x2  
  93  8:19  Stalker x3  
  99  8:23  Stalker  
  99  8:26  Zealot  
  103  8:27  Zealot  
  100  8:43  Stalker  
  100  8:44  Stalker x2  
  100  8:48  Zealot x3  
  103  9:02  Probe, Forge  
  103  9:03  Probe  
  103  9:04  Forge  
  103  9:08  Zealot x3  
  103  9:09  Zealot  
  112  9:15  Protoss Ground Weapons Level 1, Protoss Ground Armor Level 1  
  112  9:21  Stalker  
  112  9:22  Stalker  
  112  9:30  Probe x2  
  107  9:33  Zealot x4  
  113  9:55  Stalker x5  
  123  10:03  Pylon  
  123  10:04  Pylon  
  123  10:05  Shield Battery  
  123  10:06  Pylon  
  123  10:18  Zealot x2  
  123  10:19  Zealot x3  
  93  10:41  Zealot  
  93  10:42  Zealot x5  
  103  10:46  Probe x2  
  95  11:04  Stalker x6, Protoss Ground Armor Level 2  
  95  11:06  Protoss Ground Weapons Level 2  
  101  11:28  Zealot x6  
  101  11:31  Probe x2  
  115  11:36  Pylon  
  77  11:56  Zealot  
  77  11:57  Zealot x5  
  87  12:02  Gateway  
  87  12:05  Gateway  
  81  12:17  Stalker x6  
  93  12:41  Zealot x2  
  93  12:42  Zealot x4  
  99  13:02  Zealot  
  99  13:03  Zealot x5  
  97  13:14  Gateway, Zealot  
  97  13:15  Zealot  
  97  13:17  Pylon  
  97  13:19  Pylon  
  97  13:21  Pylon  
  97  13:24  Zealot x3  
  97  13:25  Zealot x3  
  93  13:35  Zealot x2  
  97  13:45  Zealot x3  
  97  13:46  Zealot  
Tags
 
Add a new tag
Caveats
  • Supply blocks, unpowered buildings, or Contaminate may cause inaccurate times.
  • Supply counts are checked every 10 seconds.